Map: Turbo Cruise '84 LE

Players

HeroMarine - Winner!

  • Race: Terran Terran
  • League: Grandmaster
  • Spawn Location: 7:00

llllllllllll (Stats)

  • Race: Protoss Protoss
  • League: Master
  • Spawn Location: 3:00

Event: 2019 Assembly Summer

VOD

Have the link to the VOD?

Description

Time

  • Played on: Aug. 2, 2019, 11:55 a.m.
  • Length: 13:16

All games in this series

Show
View Real Time Build Order
Export as new Build Order

HeroMarine Terran - Winner!

Build Orders: Gas First Reaper Expand 

Get SALT Encoding   

  12  0:00  SCV  
  13  0:12  SCV  
  14  0:17  Supply Depot  
  14  0:25  SCV  
  15  0:29  Refinery  
  15  0:39  SCV  
  16  0:45  Barracks  
  16  0:51  SCV  
  17  1:03  SCV  
  18  1:15  SCV  
  19  1:32  Reaper, Orbital Command  
  20  1:45  Command Center  
  20  1:59  SCV  
  21  2:01  Factory  
  21  2:07  Barracks Reactor  
  21  2:11  SCV  
  22  2:16  Supply Depot  
  22  2:23  SCV  
  22  2:24  Refinery  
  23  2:38  SCV  
  24  2:45  Marine  
  24  2:46  Marine, Hellion  
  24  2:50  SCV  
  28  2:51  Starport  
  28  2:58  Orbital Command  
  28  3:02  SCV  
  29  3:08  Marine x2  
  29  3:10  Widow Mine  
  32  3:16  SCV  
  33  3:24  SCV  
  33  3:26  Marine x2  
  36  3:28  SCV  
  36  3:29  Medivac  
  36  3:33  Widow Mine  
  41  3:39  Supply Depot  
  41  3:40  SCV x2  
  43  3:46  Marine  
  43  3:47  Marine  
  45  3:52  SCV  
  45  3:55  Factory Tech Lab  
  46  4:01  SCV  
  46  4:02  Starport Tech Lab  
  47  4:04  Marine, SCV  
  47  4:08  Supply Depot  
  50  4:13  Barracks  
  50  4:16  SCV  
  52  4:20  Siege Tank  
  52  4:21  SCV  
  54  4:25  Refinery  
  54  4:27  Supply Depot  
  54  4:29  Raven, SCV  
  57  4:33  SCV  
  57  4:36  Marine x2  
  60  4:41  SCV  
  60  4:44  Engineering Bay  
  61  4:45  SCV  
  61  4:50  Barracks  
  62  4:54  SCV  
  62  4:58  SCV  
  64  5:01  Marine x2  
  64  5:04  Supply Depot  
  64  5:06  SCV  
  67  5:07  Stimpack  
  67  5:10  Marauder, SCV  
  67  5:12  Terran Infantry Weapons Level 1  
  70  5:18  Factory Reactor  
  70  5:21  Starport Reactor, Refinery  
  70  5:25  Marine x2, SCV x2  
  74  5:30  Marine  
  73  5:37  SCV x2  
  75  5:42  Supply Depot  
  75  5:43  Marine x2  
  75  5:47  Supply Depot  
  75  5:48  Combat Shield  
  75  5:49  SCV  
  78  5:54  Supply Depot  
  78  6:04  Medivac, Marauder x2  
  78  6:06  Supply Depot  
  78  6:07  Marine  
  78  6:08  Marine, Medivac  
  78  6:09  Widow Mine x2  
  78  6:10  Supply Depot  
  91  6:26  Marauder x2  
  92  6:34  Medivac, Widow Mine x2  
  92  6:35  SCV x2  
  92  6:38  Medivac  
  101  6:41  Marine x2  
  101  6:45  Supply Depot  
  107  6:47  Marauder x2  
  104  6:59  Marine x2  
  110  7:08  Marauder x2  
  110  7:10  Command Center  
  110  7:13  Terran Infantry Armor Level 1  
  110  7:17  Supply Depot  
  110  7:22  Marine x2  
  111  7:24  SCV x2  
  115  7:30  Marauder x2  
  112  7:37  Widow Mine x2  
  112  7:38  Medivac  
  112  7:39  Medivac  
  112  7:40  Marine x2  
  111  7:51  Marauder x2  
  111  7:52  Barracks  
  111  7:55  Barracks  
  111  7:57  Marine x2  
  110  7:58  SCV  
  110  7:59  SCV  
  112  8:08  Widow Mine  
  112  8:09  Widow Mine  
  112  8:10  SCV  
  112  8:11  SCV  
  128  8:13  Marauder x2  
  128  8:15  Medivac x2  
  126  8:22  Supply Depot, Orbital Command  
  126  8:23  SCV x2  
  126  8:26  Marine x2  
  128  8:32  Widow Mine x2  
  132  8:34  Marauder  
  132  8:38  SCV  
  132  8:39  Concussive Shells  
  132  8:40  Marauder  
  133  8:45  Marine  
  133  8:46  Marine  
  133  8:47  Barracks Tech Lab x2, Medivac  
  133  8:48  Medivac  
  127  8:53  Widow Mine x2  
  128  8:57  Marauder  
  128  9:02  Marauder  
  132  9:04  Marine  
  132  9:05  Marine  
  132  9:06  Marauder x2  
  132  9:09  Supply Depot  
  130  9:18  Marauder  
  130  9:19  Widow Mine x2  
  130  9:21  Medivac  
  130  9:22  Marine, Medivac  
  130  9:23  Marauder  
  140  9:28  Marauder x2  
  141  9:32  Marine  
  140  9:40  Marine, Marauder  
  140  9:44  Marauder  
  145  9:46  SCV  
  145  9:47  Refinery x2, SCV x2  
  145  9:49  Marauder x2  
  145  9:50  Marine, Widow Mine  
  145  9:51  Widow Mine  
  157  9:58  Marine, SCV  
  157  9:59  SCV x2  
  158  10:01  Marauder  
  158  10:06  Marauder  
  154  10:08  Marine  
  154  10:10  Marauder  
  154  10:11  Marauder  
  155  10:16  Marine  
  155  10:17  Widow Mine x2  
  146  10:22  Marine  
  146  10:26  Marine  
  146  10:27  Marauder  
  130  10:31  Marine x2  
  130  10:33  Marine  
  125  10:40  Marauder  
  118  10:44  Marine  
  118  10:49  Marauder  
  118  10:50  Marauder x2  
  118  10:51  Marine  
  118  10:55  Widow Mine x2  
  119  11:01  Marine, SCV x2  
  119  11:02  Marauder  
  122  11:09  Marine  
  122  11:10  Marauder  
  122  11:11  Marine, Marauder  
  120  11:19  Marine  
  120  11:22  Marine  
  120  11:27  Marine  
  120  11:28  Marine  
  120  11:31  Marine  
  120  11:32  Marine  
  115  11:37  Marine  
  107  11:40  Marine  
  107  11:44  Widow Mine x2, SCV  
  107  11:45  Marine, SCV  
  107  11:46  Marine  
  108  11:49  Marine  
  108  11:50  Marine  
  107  11:55  Marine  
  107  11:58  Marine  
  107  12:01  SCV x2  
  107  12:03  Marine  
  107  12:04  Marine  
  107  12:07  Marauder  
  107  12:08  Marauder  
  109  12:13  Marine  
  107  12:16  Marine  
  107  12:20  Marine  
  107  12:22  Marauder  
  107  12:24  Widow Mine  
  107  12:25  Widow Mine  
  107  12:28  Marauder  
  107  12:29  Marauder  
  115  12:30  Marine  
  115  12:34  Marauder  
  106  12:38  Marine  
  106  12:44  Marauder  
  95  12:48  Marine  
  95  12:50  Marauder  
  95  12:51  Marauder  
  96  12:53  Widow Mine  
  96  12:54  Widow Mine  
  96  12:56  Marine  
Show
View Real Time Build Order
Export as new Build Order

llllllllllll Protoss 

Build Orders: 1 Gate Expand, Oracle Opening, Blink Stalkers, Chargelot Immortal 

Get SALT Encoding   

  12  0:00  Probe  
  13  0:12  Probe  
  14  0:17  Pylon  
  14  0:24  Probe  
  15  0:32  Probe  
  15  0:37  Gateway  
  15  0:40  Probe  
  16  0:46  Assimilator  
  17  0:51  Probe  
  18  1:03  Probe  
  19  1:15  Probe  
  20  1:26  Cybernetics Core  
  20  1:33  Nexus  
  20  1:35  Probe  
  21  1:43  Pylon  
  21  1:47  Assimilator  
  21  1:51  Probe  
  21  1:53  Adept  
  22  2:03  Probe  
  22  2:04  Warp Gate  
  25  2:14  Sentry  
  25  2:15  Probe  
  26  2:28  Probe  
  28  2:39  Stalker  
  28  2:42  Probe, Oracle  
  28  2:43  Probe  
  31  2:48  Gateway  
  31  2:50  Probe, Twilight Council  
  32  2:56  Probe  
  34  3:00  Probe  
  35  3:08  Probe  
  36  3:13  Probe  
  36  3:16  Gateway  
  36  3:17  Blink  
  37  3:22  Probe x2  
  39  3:30  Probe, Pylon  
  39  3:34  Probe  
  39  3:39  Robotics Facility  
  39  3:40  Probe  
  41  3:46  Probe  
  43  3:52  Probe  
  43  3:54  Stalker  
  43  3:55  Stalker  
  48  3:58  Probe, Assimilator  
  49  4:06  Probe  
  50  4:10  Probe  
  50  4:12  Pylon  
  50  4:13  Pylon  
  50  4:15  Stalker  
  53  4:25  Probe  
  53  4:27  Observer  
  53  4:30  Stalker  
  57  4:32  Stalker  
  57  4:33  Phoenix  
  59  4:39  Nexus  
  59  4:45  Probe x2  
  61  4:46  Observer  
  61  4:47  Pylon  
  62  4:56  Stalker x2  
  66  5:07  Probe x2  
  66  5:12  Forge x2  
  68  5:18  Charge  
  68  5:23  Observer  
  68  5:24  Probe x2  
  69  5:36  Probe x2  
  69  5:39  Observer  
  72  5:44  Protoss Ground Weapons Level 1  
  72  5:45  Protoss Ground Armor Level 1  
  72  5:48  Probe x2, Pylon  
  72  5:49  Gateway  
  74  5:50  Gateway  
  74  5:53  Gateway, Probe  
  74  5:55  Gateway  
  75  5:58  Observer  
  75  6:07  Observer  
  75  6:08  Probe x3  
  75  6:09  Gateway  
  75  6:10  Pylon  
  79  6:11  Pylon  
  79  6:13  Zealot, Sentry  
  79  6:14  Zealot  
  79  6:17  Observer  
  85  6:22  Immortal, Probe  
  85  6:23  Probe x2  
  85  6:24  Observer  
  85  6:25  Pylon  
  90  6:40  Zealot x3  
  90  6:41  Shield Battery  
  90  6:43  Photon Cannon  
  96  6:49  Immortal  
  96  6:56  Zealot x4  
  96  7:01  Zealot x3  
  114  7:13  Pylon x2  
  114  7:14  Pylon  
  114  7:20  Stalker x3  
  114  7:21  Zealot x2  
  122  7:25  Zealot  
  122  7:28  Immortal  
  124  7:32  Observer  
  118  7:37  Zealot x2  
  122  7:47  Observer  
  116  7:51  Zealot x5  
  116  7:52  Zealot  
  128  8:00  Warp Prism, Protoss Ground Armor Level 2, Protoss Ground Weapons Level 2  
  128  8:01  Assimilator  
  128  8:02  Assimilator  
  128  8:03  Assimilator  
  128  8:11  Probe x3  
  133  8:17  Pylon  
  131  8:27  Zealot x8  
  147  8:39  Probe  
  147  8:40  Probe x2  
  131  8:51  Zealot x4  
  133  8:56  Zealot x3  
  133  8:57  Templar Archives  
  133  8:58  Zealot  
  141  9:08  Immortal, Psionic Storm  
  145  9:10  Robotics Bay, Robotics Facility  
  139  9:34  High Templar x4  
  139  9:37  Nexus  
  139  9:40  Pylon  
  139  9:47  Warp Prism  
  139  9:51  Zealot x3  
  139  9:52  Zealot  
  143  10:02  Colossus  
  147  10:07  Pylon  
  147  10:10  Pylon  
  147  10:11  Sentry x2  
  147  10:13  Sentry  
  143  10:14  Zealot, Colossus  
  137  10:26  Zealot x4  
  107  10:43  Archon  
  107  10:44  Zealot x4  
  107  10:47  Zealot x3  
  107  10:48  Zealot  
  107  10:56  Immortal  
  97  11:06  Immortal  
  97  11:08  High Templar x2  
  97  11:09  High Templar x2  
  97  11:10  Zealot x3  
  108  11:12  Archon  
  108  11:13  Archon  
  108  11:18  Zealot  
  92  11:28  Pylon  
  88  11:34  Stalker x3  
  78  11:41  Zealot x2  
  76  11:59  Stalker x3  
  78  12:20  High Templar x2, Sentry x2  
  78  12:22  Zealot x2  
  90  12:23  Zealot  
  90  12:26  Archon  
  92  12:35  Zealot  
  86  12:42  Zealot x2  
  70  12:46  Zealot, Stalker x2  
  66  12:54  Zealot  
  66  12:56  Zealot  
  58  13:02  Zealot  
  44  13:11  Zealot  
Tags
 
Add a new tag
Caveats
  • Supply blocks, unpowered buildings, or Contaminate may cause inaccurate times.
  • Supply counts are checked every 10 seconds.